 Dungeon Crawl Stone Soup version 0.28.0-1-gb440e238dd (webtiles) character file.

Game seed: 16887057511761313631

266 Peloso the Slasher (level 6, -6/53 HPs)
             Began as a Minotaur Fighter on Feb 25, 2022.
             Killed by divine providence
             ... invoked by an orc priest
              (10 damage)
             ... on level 3 of the Dungeon.
             The game lasted 00:03:04 (2071 turns).

Peloso the Slasher (Minotaur Fighter)               Turns: 2071, Time: 00:03:04

Health: -6/53      AC: 12    Str: 21    XL:     6   Next: 0%
Magic:  5/5        EV:  7    Int:  5    God:
Gold:   27         SH:  4    Dex: 11    Spells: 5/5 levels left

rFire   . . .      SeeInvis .   a - +0 long sword
rCold   . . .      Faith    .   c - +0 buckler
rNeg    . . .      Spirit   .   m - +0 chain mail
rPois   .          Reflect  .   (helmet restricted)
rElec   .          Harm     .   k - +0 cloak
rCorr   .          Rampage  .   f - +0 pair of gloves
Will    .....                   (no boots)
Stlth   ..........              (no amulet)
HPRegen 0.17/turn               (no ring)
MPRegen 0.09/turn               (no ring)

@: no status effects
A: horns 2, retaliatory headbutt, wild magic 1
a: no special abilities


You were on level 3 of the Dungeon.
You visited 1 branch of the dungeon, and saw 3 of its levels.

You collected 27 gold pieces.

Inventory:

Hand Weapons
 a - a +0 long sword (weapon)
Armour
 b - a +0 scale mail
 c - a +0 buckler (worn)
 f - a +0 pair of gloves (worn)
 k - a +0 cloak (worn)
 m - a +0 chain mail (worn)
Wands
 d - a wand of flame (21)
Scrolls
 e - a scroll of enchant armour {unknown}
 h - 2 scrolls of identify {unknown}
 i - 2 scrolls of vulnerability {unknown}
 l - a scroll of noise {unknown}
Potions
 g - a potion of mutation
 j - a potion of magic {unknown}


   Skills:
 + Level 4.7 Fighting
 + Level 5.5 Long Blades
 + Level 4.6 Armour
 + Level 1.1 Dodging
 + Level 0.1 Stealth
 + Level 4.3 Shields


You had 5 spell levels left.
You didn't know any spells.
Your spell library contained the following spells:

 Spells                   Type           Power      Damage    Failure   Level
 Alistair's Intoxication  Tmut/Pois      0%         N/A       100%        5
 Borgnjor's Vile Clutch   Necr/Erth      0%         N/A       100%        5
 Eringya's Noxious Bog    Tmut/Pois      0%         N/A       100%        6


Dungeon Overview and Level Annotations

Branches:
Dungeon (3/15)

Altars:


Innate Abilities, Weirdness & Mutations

You have a pair of horns on your head.
You reflexively headbutt those who attack you in melee.
Your spells are a little harder to cast, but a little more powerful.


Message History

You hit the orc but do no damage. The orc hits you but does no damage.
The orc barely misses you. You furiously retaliate!
You headbutt the orc. You block the orc's attack.
You closely miss the orc. The orc hits you but does no damage. x2
You hit the orc.
The orc is lightly wounded.
You block the orc's attack. The orc hits you but does no damage.
Unknown command.
You hit the orc.
The orc is moderately wounded.
The orc hits you with a +0 dagger. The orc hits you but does no damage.
Unknown command.
You slash the orc!
You kill the orc!
The orc priest invokes the aid of Beogh against you.
Beogh smites you!
You have reached level 6!
You hit the orc priest.
You headbutt the orc priest, but do no damage.
The orc priest is moderately wounded.
The orc hits you but does no damage.
The orc priest hits you but does no damage.
Unknown command.
You slash the orc priest!
The orc priest is almost dead.
The orc hits you with a +0 hand axe. The orc priest hits you with a +0 mace.
The orc priest looks encouraged for a moment.
Unknown command.
You closely miss the orc priest.
The orc priest is almost dead.
The orc hits you with a +0 hand axe. You block the orc priest's attack.
The orc priest calls down the wrath of Beogh upon you.
Beogh smites you!
* * * LOW HITPOINT WARNING * * *
The orc hits you but does no damage.
It was a potion of mutation.
You feel extremely strange.
You feel less in control of your magic.
The orc priest mumbles some strange prayers to Beogh against you.
Beogh smites you!
You die...

#.# #.# ##.## ##
#!###.###.#.## .
##.#......###.#
#.#...?...##.#.##
.####.#...o...#
#.######
........o..##.#
#......#
##.#..o#####o#
######.#
#.....#####o# #.#
....#.......@o#
#####.#
.............###
#.....#
##...........#..
#.#####
...........#.#..
#.# ... .#.....
..... #.# ...
#..... ##.... #.#
... #.#### .#.
### #....# .#.
######## ####.#


You could see 2 orc priests and an orc.

Vanquished Creatures
  Sigmund (D:2)
  Natasha (twice) (D:2)
  3 worms
  3 dart slugs
  An orc (D:3)
  2 ball pythons
  8 endoplasms
  A giant cockroach (D:1)
  5 goblins
  7 hobgoblins
  2 quokkas
  3 bats
  A frilled lizard (D:2)
  6 kobolds
  9 rats
54 creatures vanquished.

Notes
Turn   | Place    | Note
-------+----------+-------------------------------------------
     0 | D:1      | Peloso the Minotaur Fighter began the quest for the Orb.
     0 | D:1      | Reached XP level 1. HP: 19/19 MP: 0/0
   101 | D:1      | Reached XP level 2. HP: 23/27 MP: 1/1
   356 | D:1      | Found a faded altar of an unknown god.
   454 | D:1      | You fall into a shaft and drop 1 floor!
   842 | D:2      | Reached skill level 3 in Long Blades
   842 | D:2      | Reached XP level 3. HP: 33/33 MP: 2/2
  1078 | D:2      | Noticed Sigmund
  1093 | D:2      | Killed Sigmund
  1094 | D:2      | Reached skill level 4 in Long Blades
  1094 | D:2      | Reached skill level 1 in Dodging
  1094 | D:2      | Reached XP level 4. HP: 27/41 MP: 3/3
  1094 | D:2      | Reached XP level 5. HP: 31/47 MP: 4/4
  1464 | D:2      | Reached skill level 5 in Long Blades
  1648 | D:2      | Noticed Natasha
  1658 | D:2      | Killed Natasha
  1838 | D:2      | Noticed Natasha
  1843 | D:2      | Killed Natasha
  2068 | D:3      | Reached XP level 6. HP: 24/53 MP: 5/5
  2071 | D:3      | Gained mutation: Your spells are a little harder to cast,
                  | but a little more powerful. [potion of mutation]
  2071 | D:3      | Killed from afar by an orc priest

Illustrated notes

Levels and vault maps discovered:
D:1:      scummos_arrival_simple_fountains, layout_basic,
          hellmonk_ecumenical_altar_inner_sanctum
D:2:      minmay_diamond_boxcup, layout_loops_cross, due_unseen_surprise,
          uniq_sigmund, uniq_natasha
D:3:      layout_loops_cross

Skill      XL: |  1  2  3  4  5 |
---------------+----------------+-----
Armour         | 4 |  4.6
Shields        | 4 |  4.3
Fighting       | 4 |  4.7
Long Blades    | 3 4 5 |  5.5
Dodging        | 1 |  1.1
Stealth        | |  0.1

Action                   |  1- 3 |  4- 6 || total
-------------------------+-------+-------++-------
Melee: Long sword        |    63 |    57 ||   120
       Headbutt          |     8 |    10 ||    18
  Use: Potion            |     1 |     1 ||     2
Armor: Scale mail        |    18 |    16 ||    34
       Chain mail        |       |    10 ||    10
Dodge: Dodged            |    25 |    19 ||    44
Block: Buckler           |    16 |    10 ||    26
